 Dungeon Crawl Stone Soup version 0.26-a0-639-g72c4674329 (webtiles) character file.

Game seed: 1985662283293126657

86 Borgoz the Skirmisher (level 4, -4/29 HPs)
             Began as a Gargoyle Berserker on Sept 19, 2020.
             Was a Believer of Trog.
             Slain by an ogre
             ... wielding a +0 giant club
              (26 damage)
             ... on level 3 of the Dungeon.
             The game lasted 00:02:34 (1990 turns).

Borgoz the Skirmisher (Gargoyle Berserker)          Turns: 1990, Time: 00:02:34

Health: -4/29      AC: 10    Str: 20    XL:     4   Next: 50%
Magic:  4/4        EV: 11    Int:  8    God:    Trog [**....]
Gold:   140        SH:  0    Dex: 10    Spells: 3/3 levels left

rFire    . . .     SeeInvis .   a - +0 mace
rCold    . . .     Faith    .   (no shield)
rNeg     + . .     Spirit   .   c - +0 ring mail
rPois    ∞         Reflect  .   b - +0 helmet
rElec    +         Harm     .   (no cloak)
rCorr    .         Rampage  .   (no gloves)
MR       .....                  (no boots)
Stlth    ..........             (no amulet)
HPRegen  0.09/turn              (no ring)
MPRegen  0.09/turn              (no ring)

@: no status effects
A: negative energy resistance 1, electricity resistance, unbreathing,
petrification resistance, rot immunity, AC +3
a: Berserk, Trog's Hand, Renounce Religion


You were on level 3 of the Dungeon.
You worshipped Trog.
Trog was pleased with you.
You visited 1 branch of the dungeon, and saw 3 of its levels.

You collected 140 gold pieces.

Inventory:

Hand Weapons
 a - a +0 mace (weapon)
Armour
 b - a +0 helmet (worn)
 c - a +0 ring mail (worn)
Scrolls
 g - a scroll of remove curse {unknown}
 h - a scroll of enchant armour {unknown}
 i - a scroll of noise {unknown}
 j - a scroll of fear {unknown}
 k - a scroll of teleportation {unknown}
 l - a scroll of identify {unknown}
 n - a scroll of fog {unknown}
Potions
 d - a potion of brilliance {unknown}
 e - a potion of berserk rage {unknown}
 f - a potion of heal wounds {unknown}
 m - 2 potions of flight {unknown}


   Skills:
 + Level 4.0 Fighting
 + Level 3.6 Maces & Flails
 + Level 3.1 Armour
 + Level 2.3 Dodging


You had 3 spell levels left.
You didn't know any spells.
Your spell library was empty.

Dungeon Overview and Level Annotations

Branches:
Dungeon (3/15)

Altars:
Elyvilon
Fedhas
Yredelemnul
Zin


Innate Abilities, Weirdness & Mutations

You are resistant to torment.
Your stone body is resilient. (AC +3)
You are immune to poison.
You resist negative energy. (rN+)
You are resistant to electric shocks. (rElec)
You can survive without breathing.
You are immune to petrification.
You are immune to rotting.


Message History

The worm is almost dead.
A goblin comes into view. It is wielding a +0 dagger.
You hit the worm but do no damage.
The worm is almost dead.
The worm bites you.
You hit the worm.
You kill the worm!
Trog accepts your kill.
An ogre comes into view. It is wielding a +0 giant club.
The ogre shouts!
You closely miss the goblin. The goblin hits you but does no damage.
The goblin closely misses you.
You closely miss the goblin. The goblin hits you with a +0 dagger.
The goblin hits you but does no damage.
You hit the ogre.
The ogre is lightly wounded.
The goblin closely misses you.
The ogre hits you with a +0 giant club!!
Ouch! That really hurt!
You die...

#........>......
#..#............
..#............
>...........#
#........(.#
#..........#
#.†........#
#...@<...#
.#.##...Og...##
#.............#
.......†.........#
####............##
##.............
..........$....
..##............
##. #...........


You could see an ogre and a goblin.

Vanquished Creatures
  A howler monkey (D:2)
  A worm (D:3)
  3 dart slugs
  2 leopard geckos
  2 goblins (D:1)
  5 hobgoblins
  5 jackals (D:2)
  A quokka (D:2)
  2 ball pythons
  3 bats
  5 frilled lizards
  6 kobolds
  8 rats
44 creatures vanquished.

Notes
Turn   | Place    | Note
-------+----------+-------------------------------------------
     0 | D:1      | Borgoz the Gargoyle Berserker began the quest for the Orb.
     0 | D:1      | Reached XP level 1. HP: 14/14 MP: 1/1
   398 | D:1      | Reached XP level 2. HP: 12/19 MP: 2/2
  1306 | D:2      | Reached XP level 3. HP: 23/23 MP: 3/3
  1422 | D:2      | Reached XP level 4. HP: 25/29 MP: 4/4
  1428 | D:2      | Found a basalt altar of Yredelemnul.
  1490 | D:2      | Reached ** piety under Trog
  1499 | D:2      | Found a blossoming altar of Fedhas.
  1499 | D:2      | Found a white marble altar of Elyvilon.
  1522 | D:2      | Found a glowing silver altar of Zin.
  1827 | D:2      | Reached skill level 4 in Fighting
  1985 | D:3      | Noticed an ogre
  1990 | D:3      | Slain by an ogre

Illustrated notes

Levels and vault maps discovered:
D:1:      wander_arrival_peaceful_grave, layout_loops_corners
D:2:      layout_rooms, nicolae_overflow_hidden_temple,
          chequers_temple_overflow_statue_of_worship, yredelemnul_altar_generic
D:3:      layout_rooms, minmay_mini_jars

Skill      XL: |  1  2  3  4 |
---------------+-------------+-----
Dodging        | 2 |  2.3
Armour         | 3 |  3.1
Fighting       | 4 |  4.0
Maces & Flails | |  3.6

Action                   |  1- 3 |  4- 6 || total
-------------------------+-------+-------++-------
Melee: Mace              |    82 |    59 ||   141
 Stab: Sleeping          |     1 |       ||     1
Armor: Ring mail         |    36 |    28 ||    64
       Animal skin       |     1 |       ||     1
Dodge: Dodged            |    64 |    34 ||    98

Table legend: (Time is in decaauts)
 A = Elapsed time spent in this place.
 B = Non-inter-level travel time spent in this place.
 C = Inter-level travel time spent in this place.
 D = Time resting spent in this place.
 E = Time spent auto-exploring this place.
 F = Levels seen in this place.
 G = Mean time per level.
                   A        B        C        D        E       F      G
               +--------+--------+--------+--------+--------+-----+--------+
         Total |   2021 |   1971 |     50 |    281 |   1347 |   3 |  673.7 |
       Dungeon |   2021 |   1971 |     50 |    281 |   1347 |   3 |  673.7 |
               +--------+--------+--------+--------+--------+-----+--------+

Top non-repeatable levels by time:
     D:1: 1317 daAuts
     D:2: 679 daAuts
     D:3: 24 daAuts
